Unix NetHack Version 5.0.0-0 post-release - last build May  4 2026 22:22:43 (774f63e81ad911689b3a0859ea89b322d5daca8d,branch:main).

Game began 2026-05-06 13:07:17, ended 2026-05-06 13:40:09.

Drastanta, lawful male human Samurai

                                                ------
                                                |.(..+
                                                .....|         -------------
                                                |....-#u@#    ...............|
                                                ------               ........|

Drastanta the Ronin    St:18 Dx:16 Co:18 In:9 Wi:8 Ch:6  Lawful
Dlvl:5  $:61 HP:0(27) Pw:10(10) AC:4  Xp:3 T:1387 

Latest messages:
 As you kick the door, it crashes open!
 You kill the red mold!
 Welcome to experience level 3.
 You see here a red mold corpse.
 You see here a gray stone.
 You hear a D flat squeak in the distance.
 A board beneath the giant rat squeaks a D flat loudly.
 Really step onto that squeaky board? [yn] (n) n
 You kill the giant rat!
 You see here a giant rat corpse.
 You swap places with Hachi.
 Hachi eats a giant rat corpse.
 You kill the giant rat!
 You swap places with Hachi.
 You kill the lichen!
 You see here a lichen corpse.
 You see here a lichen corpse.
 You see here a lichen corpse.
 There is a lichen corpse here; eat it? [ynq] (n) y
 This lichen corpse tastes okay.
 You finish eating the lichen corpse.
 You see here a statue of a dwarf zombie.
 You see here a statue of a dwarf zombie.
 You swap places with Hachi.
 You swap places with Hachi.
 A trap door opens up under you!
 You miss the pony.
 The pony kicks!
 The pony misses!
 The pony misses!
 The pony bites!
 You miss the pony.
 The pony kicks!
 The pony bites!
 The pony kicks!
 The pony bites!
 The door opens.
 The monkey hits!
 The monkey stole a +0 wakizashi.
 The monkey tries to run away with your wakizashi.
 You hit the monkey!
 You hit the monkey.
 The pony kicks!
 The pony bites!
 You die...
 Do you want your possessions identified? [ynq] (y) y
 Do you want to see your attributes? [ynq] (y) y
 Do you want an account of creatures vanquished? [ynaq] (y) y
 Do you want to see your conduct and achievements? [ynq] (y) y
 Do you want to see the dungeon overview? [ynq] (y) y

Inventory:
 Coins    ('$')
  $ - 61 gold pieces
 Amulets  ('"')
  f - a cursed amulet of change
 Weapons  (')')
  d - 35 +0 ya (in quiver)
  c - a +0 yumi (alternate weapon; not wielded)
  a - a +0 katana (weapon in right hand)
 Armor    ('[')
  j - an uncursed +0 dwarvish cloak (being worn)
  e - an uncursed rustproof +0 splint mail (being worn)
 Comestibles  ('%')
  n - an uncursed egg
 Scrolls  ('?')
  h - an uncursed scroll of create monster
 Spellbooks  ('+')
  k - an uncursed spellbook of confuse monster
 Potions  ('!')
  m - an uncursed potion of full healing
  g - 4 uncursed potions of healing
  l - an uncursed potion of see invisible
  i - an uncursed potion of sleeping

Drastanta the Samurai's attributes:

Background:
 You were a Ronin, a level 3 male human Samurai.
 You were lawful, on a mission for Amaterasu Omikami
 who was opposed by Raijin (neutral) and Susanowo (chaotic).
 You were right-handed.
 You were in the Dungeons of Doom, on level 5.
 You entered the dungeon 1387 turns ago.
 You had 48 experience points, 32 more were needed to attain level 4.

Basics:
 You had 0 out of 27 hit points.
 You had all 10 energy points (spell power).
 Your armor class was 4.
 Your wallet contained 61 zorkmids.
 Autopickup was off.

Final Characteristics:
 Your strength was 18 (limit:18/100).
 Your dexterity was 16 (limit:18).
 Your constitution was 18 (limit:18).
 Your intelligence was 9 (limit:18).
 Your wisdom was 8 (limit:18).
 Your charisma was 6 (limit:18).

Final Status:
 You weren't hungry.
 You were unencumbered.
 You were wielding a long sword.
 You had basic skill with long sword.

Final Attributes:
 You were devoutly aligned.
 Your items were somewhat protected from fire.
 Your items were somewhat protected from cold.
 You were warded.
 You were fast.
 You are dead.

Miscellaneous:
 You didn't encounter any bones levels.
 Total elapsed playing time was 32 minutes and 42 seconds.

Major events:
 Turn
    1: Drastanta the lawful male human Samurai entered the dungeon
  435: entered the Gnomish Mines
 1187: attained the rank of Ronin (level 3)
 1387: killed by a pony

You didn't know any spells.

Skills:
 Fighting Skills
   martial arts      [Basic]
   two weapon combat [Unskilled]
   riding            [Unskilled]
 Weapon Skills
   dagger            [Unskilled]
   knife             [Unskilled]
   short sword       [Basic]
   broadsword        [Unskilled]
   long sword        [Basic]
   two-handed sword  [Unskilled]
   saber             [Unskilled]
   flail             [Unskilled]
   quarterstaff      [Unskilled]
   polearms          [Unskilled]
   spear             [Unskilled]
   lance             [Unskilled]
   bow               [Basic]
   shuriken          [Unskilled]
 Spellcasting Skills
   attack spells     [Unskilled]
   divination spells [Unskilled]
   clerical spells   [Unskilled]

Voluntary challenges:
 Character rerolling was not enabled.
 You were illiterate.
 You never genocided any monsters.
 You never polymorphed an object.
 You never changed form.
 You used no wishes.
Achievements:
 You entered the Gnomish Mines.
 You attained the rank of Ronin.

 The Dungeons of Doom: levels 1 to 5
    Level 1:
    Level 2:
       An altar, some fountains.
       Stairs down to The Gnomish Mines.
    Level 3:
       A fountain.
    Level 4:
    Level 5: <- You were here.
       Final resting place for
          you, killed by a pony.
 The Gnomish Mines:
    Level 3:


Vanquished creatures:
  a dwarf zombie
  a hobbit
  2 giant rats
  a brown mold
  a red mold
  3 gnomes
  a jackal
  2 goblins
  a sewer rat
  2 lichens
  2 kobold zombies
  5 newts
22 creatures vanquished.

No species were genocided or became extinct.

Game over:
                       ----------
                      /          \
                     /    REST    \
                    /      IN      \
                   /     PEACE      \
                  /                  \
                  |    Drastanta     |
                  |      61 Au       |
                  | killed by a pony |
                  |                  |
                  |                  |
                  |                  |
                  |       2026       |
                 *|     *  *  *      | *
        _________)/\\_//(\/(/\)/\//\/|_)_______

Sayonara Drastanta the Samurai...

You died in The Dungeons of Doom on dungeon level 5 with 447 points,
and 61 pieces of gold, after 1387 moves.
You were level 3 with a maximum of 27 hit points when you died.

